Map: Lightshade LE

Players

Reynor - Winner!

  • Race: Zerg Zerg
  • League: Master
  • Spawn Location: 11:00

Neeblet (Neeb)

  • Race: Protoss Protoss
  • League: Grandmaster
  • Spawn Location: 5:00

Event: ASUS ROG Online 2020

VOD

Have the link to the VOD?

Description

Time

  • Played on: Nov. 27, 2020, 4:55 p.m.
  • Length: 3:39

All games in this series

Show
View Real Time Build Order
Export as new Build Order

Reynor Zerg - Winner!

Build Orders: Pool First 

Get SALT Encoding   

  12  0:17  Spawning Pool  
  11  0:21  Drone  
  11  0:26  Drone  
  13  0:30  Drone  
  14  0:40  Overlord  
  16  1:04  Zergling x4  
  16  1:05  Zergling x2  
  16  1:06  Queen  
  19  1:16  Zergling x2  
  20  1:26  Zergling x2  
  21  1:38  Zergling x2  
  22  1:47  Hatchery  
  22  1:48  Overlord  
  21  1:58  Drone  
  22  2:06  Queen  
  24  2:11  Drone  
  25  2:16  Drone x2  
  25  2:18  Drone  
  28  2:29  Drone  
  27  2:32  Extractor  
  26  2:37  Drone  
  27  2:46  Drone  
  28  2:56  Drone  
  28  2:59  Queen  
  28  3:03  Drone  
  30  3:08  Drone  
  30  3:11  Drone  
  32  3:15  Drone  
  32  3:18  Drone  
  34  3:23  Drone  
  34  3:24  Hatchery  
Show
View Real Time Build Order
Export as new Build Order

Neeblet Protoss 

Build Orders: 1 Gate Expand, Forge Fast Expand (FFE) 

Get SALT Encoding   

  12  0:00  Probe  
  13  0:12  Probe  
  14  0:20  Pylon  
  14  0:24  Probe  
  15  0:38  Probe (Chrono Boost)  
  15  0:40  Gateway  
  16  0:47  Probe (Chrono Boost)  
  17  0:56  Forge  
  17  1:03  Probe  
  18  1:11  Pylon  
  18  1:29  Photon Cannon  
  18  1:31  Pylon  
  17  1:42  Nexus  
  17  1:47  Cybernetics Core  
  17  1:55  Pylon  
  17  1:58  Zealot (Chrono Boost)  
  18  2:01  Probe  
  19  2:13  Probe  
  19  2:15  Assimilator  
  20  2:25  Probe (Chrono Boost)  
  20  2:29  Assimilator  
  21  2:30  Pylon  
  22  2:37  Probe (Chrono Boost)  
  22  2:42  Probe (Chrono Boost)  
  23  2:48  Zealot (Chrono Boost)  
  25  2:53  Probe  
  22  2:59  Probe  
  22  3:05  Probe  
  24  3:14  Probe  
Tags
 
Add a new tag
Caveats
  • Supply blocks, unpowered buildings, or Contaminate may cause inaccurate times.
  • Supply counts are checked every 10 seconds.